 Dungeon Crawl Stone Soup version 0.31-a0-879-g1609e0ac53 (webtiles) character file.

Game seed: 10070633061811356415

842 Darius099 the Cleaver (level 7, 0/87 HPs)
             Began as a Minotaur Fighter on Oct 14, 2023.
             Slain by Duvessa
             ... wielding a +0 short sword
              (5 damage)
             ... on level 4 of the Dungeon.
             The game lasted 00:15:52 (3350 turns).

Darius099 the Cleaver (Minotaur Fighter)            Turns: 3350, Time: 00:15:52

Health: 0/87       AC: 23    Str: 23    XL:     7   Next: 67%
Magic:  6/6        EV:  2    Int:  5    God:
Gold:   91         SH:  4    Dex:  9    Spells: 6/6 levels left

rFire   . . .        a - +0 war axe
rCold   . . .        c - +0 buckler
rNeg    . . .        p - melded +0 chain mail
rPois   +            (helmet currently unavailable)
rElec   .            (cloak currently unavailable)
rCorr   .            (gloves currently unavailable)
SInv    .            (boots currently unavailable)
Will    .....        (no amulet)
Stlth   +            (no ring)
HPRegen 0.34/turn    (no ring)
MPRegen 0.10/turn

%: no passive effects
@: tree-form
A: stationary, stasis, torment immunity, boosted hp, (horns 2), (retaliatory
headbutt)
a: no special abilities


You were on level 4 of the Dungeon.
You were a tree.
You visited 1 branch of the dungeon, and saw 4 of its levels.

You collected 91 gold pieces.

Inventory:

Hand Weapons
 a - a +0 war axe (weapon)
Missiles
 b - 3 silver javelins
 r - a throwing net
Armour
 c - a +0 buckler (worn)
 p - a +0 chain mail (melded)
Wands
 o - a wand of quicksilver (4)
Scrolls
 f - a scroll of torment {unknown}
 g - 2 scrolls of teleportation {unknown}
 h - a scroll of immolation {unknown}
 i - a scroll of vulnerability {unknown}
 j - a scroll of fog {unknown}
 l - 2 scrolls of noise {unknown}
 n - a scroll of enchant weapon {unknown}
Potions
 d - a potion of might
 e - 2 potions of heal wounds {unknown}
 k - 2 potions of lignification
 m - a potion of enlightenment {unknown}
 q - 2 potions of attraction {unknown}


   Skills:
 - Level 3.7 Fighting
 + Level 10.6 Axes
 - Level 3.7 Armour
 - Level 3.7 Shields


You had 6 spell levels left.
You didn't know any spells.
Your spell library contained the following spells:

 Spells                   Type           Power      Damage    Failure   Level
 Sandblast                Erth           0%         2d4       54%         1
 Passwall                 Tmut/Erth      0%         N/A       67%         2
 Poisonous Vapours        Pois/Air       0%         N/A       67%         2
 Wereblood                Tmut           0%         N/A       67%         2
 Mephitic Cloud           Conj/Pois/Air  0%         N/A       88%         3
 Stone Arrow              Conj/Erth      0%         3d7       88%         3
 Tukima's Dance           Hex            0%         N/A       88%         3
 Animate Armour           Summ/Erth      0%         N/A       99%         4
 Brom's Barrelling Bould  Conj/Erth      0%         2d3       99%         4
 Passage of Golubria      Tloc           0%         N/A       99%         4
 Freezing Cloud           Conj/Ice/Air   0%         6-21      100%        5
 Irradiate                Conj/Tmut      0%         3d11      100%        5
 Yara's Violent Unravell  Hex/Tmut       0%         3d3       100%        5
 Lehudib's Crystal Spear  Conj/Erth      0%         10d2      100%        8


Dungeon Overview and Level Annotations

Branches:
Dungeon (4/15)
 Temple: D:4-7

Altars:
Kikubaaqudgha
Trog
Zin

Shops:
D:4 *

Annotations:
D:4 Duvessa


Innate Abilities, Weirdness & Mutations

You are a tree.
Your roots penetrate the ground, keeping you stationary.
You cannot be teleported.
You are immune to unholy pain and torment.
Your maximum health is greatly increased.
Your equipment is partially melded.
((You have a pair of horns on your head.))
((You reflexively headbutt those who attack you in melee.))


Message History

Dowan is almost dead.
You closely miss Duvessa. Dowan hits you with a +0 dagger.
Duvessa hits you with a +0 short sword.
You hit Dowan.
You kill Dowan!
Duvessa screams, "No!
How DARE you!"
Duvessa goes berserk!
You closely miss Duvessa. Duvessa hits you but does no damage.
You slash Duvessa!
Duvessa is lightly wounded.
Duvessa hits you with a +0 short sword. x2
You closely miss Duvessa.
Duvessa is lightly wounded.
Duvessa hits you but does no damage.
You barely miss Duvessa.
Duvessa is lightly wounded.
Duvessa hits you with a +0 short sword!
* * * LOW HITPOINT WARNING * * *
Duvessa hits you with a +0 short sword!
* * * LOW HITPOINT WARNING * * *
You hit Duvessa but do no damage.
Duvessa is lightly wounded.
Duvessa hits you but does no damage.
You hit Duvessa but do no damage.
Duvessa is lightly wounded.
Duvessa closely misses you. Duvessa hits you with a +0 short sword.
* * * LOW HITPOINT WARNING * * *
It was a potion of lignification.
You turn into a tree.
Your +0 chain mail melds into your body.
Your roots penetrate the ground.
You block Duvessa's attack.
You completely miss Duvessa.
Duvessa is lightly wounded.
Duvessa barely misses you. Duvessa completely misses you.
You hit Duvessa.
Duvessa is moderately wounded.
Duvessa barely misses you.
You barely miss Duvessa.
Duvessa is moderately wounded.
Duvessa hits you but does no damage. Duvessa hits you with a +0 short sword.
You die...

#...## .#..# ...##
...# #..# ###..#
##.####### #....#
$#.......# #..#.#
[#.#####.####..#.##
|#.##....))..†.#..
##.)..##)#####.#)#
#...####.# #.#♣#
..#.# #.# #..e#
....# #.#
#..#...e... #####
#.# #..#._.S⌠.) #.#
#..#....... #.#
#..##....._ #.#
#... ...... #.#
###. .....#
.####.##


You could see Duvessa (berserk).

Vanquished Creatures
  Sigmund (D:4)
  Eustachio (D:4)
  A black bear (D:3)
  An ogre (D:3)
  A scorpion (D:4)
  Dowan (D:4)
  An orc priest (D:4)
  Jessica (D:3)
  Ijyb (D:4)
  An iguana (D:4)
  3 gnolls (D:4)
  3 adders
  2 ufetubi (D:3)
  A dart slug (D:2)
  8 orcs
  7 ball pythons
  9 endoplasms
  2 giant cockroaches (D:2)
  3 goblins
  8 hobgoblins
  2 quokkas
  9 bats
  4 frilled lizards
  4 kobolds
  6 rats
81 creatures vanquished.

Notes
Turn   | Place    | Note
-------+----------+-------------------------------------------
     0 | D:1      | Darius099 the Minotaur Fighter began the quest for the Orb.
     0 | D:1      | Reached XP level 1. HP: 19/19 MP: 0/0
   105 | D:1      | Found a faded altar of an unknown god.
   446 | D:1      | Reached skill level 3 in Axes
   476 | D:1      | Reached XP level 2. HP: 25/27 MP: 1/1
   918 | D:2      | Found an ancient bone altar of Kikubaaqudgha.
  1001 | D:2      | Reached skill level 4 in Axes
  1032 | D:2      | Reached XP level 3. HP: 33/33 MP: 2/2
  1885 | D:3      | Reached skill level 5 in Axes
  1906 | D:3      | Reached XP level 4. HP: 40/40 MP: 3/3
  1950 | D:3      | Identified the +9 dagger "Sujereno" {freeze, Will+}
  1973 | D:3      | Noticed an ogre
  1982 | D:3      | Killed an ogre
  1983 | D:3      | Reached skill level 6 in Axes
  1983 | D:3      | Reached XP level 5. HP: 46/46 MP: 4/4
  2149 | D:3      | Noticed Jessica
  2166 | D:3      | Killed Jessica
  2242 | D:3      | Noticed a black bear
  2252 | D:3      | Killed a black bear
  2253 | D:3      | Reached skill level 7 in Axes
  2253 | D:3      | Reached XP level 6. HP: 10/52 MP: 5/5
  2837 | D:4      | Noticed Eustachio
  2862 | D:4      | Killed Eustachio
  2863 | D:4      | Reached skill level 8 in Axes
  2870 | D:4      | Noticed Sigmund
  2877 | D:4      | Killed Sigmund
  2878 | D:4      | Reached skill level 9 in Axes
  2878 | D:4      | Reached XP level 7. HP: 33/58 MP: 6/6
  2978 | D:4      | Noticed Ijyb
  2994 | D:4      | Killed Ijyb
  3062 | D:4      | Found Woyzaub's General Store.
  3192 | D:4      | Found an ancient bone altar of Kikubaaqudgha.
  3240 | D:4      | Reached skill level 10 in Axes
  3328 | D:4      | Found a bloodstained altar of Trog.
  3331 | D:4      | Found a glowing silver altar of Zin.
  3331 | D:4      | Noticed Duvessa
  3331 | D:4      | Noticed Dowan
  3341 | D:4      | Killed Dowan
  3346 | D:4      | HP: 2/58 [Duvessa/+0 short sword (3)]
  3350 | D:4      | Slain by Duvessa

Illustrated notes

Levels and vault maps discovered:
D:1:      sevenhm_arrival_forest_fort_large_1, layout_loops_ring,
          shapermc_ecumenical_altar_notcrosses, nicolae_figureground_pulse
D:2:      layout_loops_corners, basic_altar, minmay_pentomino_q2
D:3:      layout_loops_corners, uniq_jessica
D:4:      cheibrodos_quashed, layout_loops_ring, lemuel_round_altar,
          grunt_temple_overflow_open, gammafunk_ghost_cemetery, serial_shops,
          shop, uniq_duvessa, uniq_sigmund, uniq_ijyb, uniq_eustachio

Skill      XL: |  1  2  3  4  5  6  7 |
---------------+----------------------+-----
Axes           | 3 4 5 6 7 9 10 | 10.6
Fighting       | |  3.7
Armour         | |  3.7
Shields        | |  3.7

Action                     |  1- 3 |  4- 6 |  7- 9 || total
---------------------------+-------+-------+-------++-------
  Melee: War axe           |    69 |    62 |    56 ||   187
         Headbutt          |    10 |     7 |     8 ||    25
    Use: Potion            |       |       |     1 ||     1
 Armour: Scale mail        |    45 |    65 |     6 ||   116
         Chain mail        |       |       |    30 ||    30
         Skin              |       |       |     2 ||     2
  Dodge: Dodged            |    39 |    39 |    24 ||   102
  Block: Buckler           |    25 |    18 |     9 ||    52

Table legend: (Time is in decaauts)
 A = Elapsed time spent in this place.
 B = Non-inter-level travel time spent in this place.
 C = Inter-level travel time spent in this place.
 D = Time resting spent in this place.
 E = Time spent auto-exploring this place.
 F = Levels seen in this place.
 G = Mean time per level.
                   A        B        C        D        E       F      G
               +--------+--------+--------+--------+--------+-----+--------+
         Total |   3392 |   3299 |     93 |    268 |   1087 |   4 |  848.0 |
       Dungeon |   3392 |   3299 |     93 |    268 |   1087 |   4 |  848.0 |
               +--------+--------+--------+--------+--------+-----+--------+

Top non-repeatable levels by time:
     D:3: 982 daAuts
     D:2: 971 daAuts
     D:1: 911 daAuts
     D:4: 526 daAuts
